 Dungeon Crawl Stone Soup version 0.29.1-14-g9c671dbff4 (webtiles) character file.

Game seed: 104057528954937889

161 growler the Insei (level 5, 0/40 HPs)
             Began as a Draconian Transmuter on Feb 20, 2023.
             Killed from afar by an orc wizard (5 damage)
             ... with a magic dart
             ... on level 4 of the Dungeon.
             The game lasted 00:08:18 (2456 turns).

growler the Insei (Draconian Transmuter)            Turns: 2456, Time: 00:08:19

Health: 0/40       AC:  5    Str: 12    XL:     5   Next: 18%
Magic:  9/9        EV: 12    Int: 15    God:
Gold:   120        SH:  0    Dex: 12    Spells: 4/10 levels left

rFire   . . .      SeeInvis .     - Unarmed
rCold   . . .      Faith    .   (no shield)
rNeg    . . .      Spirit   .   (body armour unavailable)
rPois   .          Reflect  .   (helmet currently unavailable)
rElec   .          Harm     .   (no cloak)
rCorr   .          Rampage  .   (no gloves)
Will    .....                   (boots currently unavailable)
Stlth   +.........              (no amulet)
HPRegen 0.13/turn               (no ring)
MPRegen 0.11/turn               (no ring)

@: appendages (expiring)
A: horns 2, talons 2, AC +5, unfitting armour, cold-blooded
a: End Transformation


You were on level 4 of the Dungeon.
You had temporarily grown beastly horns and talons.
You visited 1 branch of the dungeon, and saw 4 of its levels.

You collected 120 gold pieces.

Inventory:

Armour
 r - a +0 pair of boots (melded)
Wands
 q - a wand of acid (3)
 u - a wand of polymorph (10)
Scrolls
 c - a scroll of fear {unknown}
 d - a scroll of amnesia
 i - 2 scrolls of enchant weapon
 j - a scroll of fog {unknown}
 m - a scroll of teleportation {unknown}
 n - a scroll of silence {unknown}
 p - 3 scrolls of blinking
Potions
 a - 2 potions of lignification
 b - a potion of attraction
 e - a potion of might
 f - 5 potions of curing {unknown}
 g - 2 potions of invisibility {unknown}
 h - a potion of heal wounds
 k - a potion of flight {unknown}
 o - a potion of degeneration {unknown}
 s - a potion of brilliance {unknown}
 t - 2 potions of berserk rage {unknown}


   Skills:
 - Level 1.1 Fighting
 - Level 1.7 Dodging
 + Level 4.3 Unarmed Combat
 - Level 3.0 Spellcasting
 + Level 3.7 Transmutations


You had 4 spell levels left.
You knew the following spells:

 Your Spells              Type           Power      Damage    Failure   Level
a - Beastly Appendage     Tmut           26%        N/A       4%          1
b - Wereblood             Tmut           13%        N/A       7%          2
c - Spider Form           Tmut/Pois      7%         N/A       28%         3

Your spell library contained the following spells:

 Spells                   Type           Power      Damage    Failure   Level
 Shock                    Conj/Air       8%         1d3       21%         1
 Swiftness                Air            2%         N/A       52%         3
 Ice Form                 Ice/Tmut       7%         N/A       67%         4
 Airstrike                Air            1%         2d(1-17)  89%         4


Dungeon Overview and Level Annotations

Branches:
Dungeon (4/15)
 Temple: D:4-7

Altars:

Shops:
D:1 ?   D:2 ?

Annotations:
D:3 3 runed translucent doors, ShinQuickMan's ghost, amateur DESu; leafyfresh's ghost, amateur DjIE


Innate Abilities, Weirdness & Mutations

You have temporarily grown beastly horns and talons.
Your plain brown scales are hard. (AC +5)
You cannot fit into any form of body armour.
You are cold-blooded and may be slowed by cold attacks.


Message History

Unknown command.
You hit the orc. Your kick misses the orc.
The orc is lightly wounded.
The orc wizard hits you with a +0 dagger.
The orc closely misses you.
You hit the orc. Your kick misses the orc.
The orc is heavily wounded.
The orc wizard hits you but does no damage.
The orc hits you with a +0 flail.
You hit the orc.
You kill the orc!
Your transformation is almost over.
The orc wizard points at you and mumbles some strange words.
You resist with some effort.
You closely miss the orc. Your kick misses the orc. You headbutt the orc.
Your tail-slap misses the orc.
The orc is severely wounded.
The orc wizard barely misses you. The orc hits you with a +4 flail.
You closely miss the orc. Your headbutt misses the orc.
The orc is severely wounded.
The orc wizard hits you with a +0 dagger.
The orc closely misses you.
You completely miss the orc. You headbutt the orc, but do no damage.
Your punch misses the orc.
The orc is severely wounded.
You hit the orc but do no damage. You claw the orc.
The orc is almost dead.
The orc wizard hits you but does no damage.
The orc hits you with a +4 flail!
You closely miss the orc. You claw the orc.
You kill the orc!
The orc wizard gestures at you while chanting.
The magic dart hits you!
* * * LOW HITPOINT WARNING * * *
Unknown command.
The orc wizard attacks as you move away!
The orc wizard hits you but does no damage.
The orc wizard casts a spell at you. The magic dart hits you.
You die...

...... $.... ..:. ... J.
### ##.# #.. #So# .
#.#.#### #.# ..
#.#.....###@# ... #.#
#.....#
....##.######.##......#
........).>...#######...
....##.#####..# . #.#
#..# #.# ##.## ### #.#
#...####.... #.#
#...#.....#


You could see an orc wizard, an endoplasm and a ball python.

Vanquished Creatures
  Ijyb (D:3)
  An orc wizard (D:4)
  3 adders
  2 worms
  2 dart slugs
  8 orcs
  7 ball pythons
  9 endoplasms
  A giant cockroach (D:1)
  5 goblins
  5 hobgoblins
  4 jackals (D:3)
  5 quokkas
  2 bats (D:3)
  A frilled lizard (D:2)
  2 kobolds
  5 rats
63 creatures vanquished.

Vanquished Creatures (others)
  2 plants (D:4)
  5 withered plants (D:3)
7 creatures vanquished.

Grand Total: 70 creatures vanquished

Notes
Turn   | Place    | Note
-------+----------+-------------------------------------------
     0 | D:1      | growler the Draconian Transmuter began the quest for the
                  | Orb.
     0 | D:1      | Reached XP level 1. HP: 16/16 MP: 3/3
     3 | D:1      | Noticed an electric eel
   185 | D:1      | Reached XP level 2. HP: 14/23 MP: 5/5
   372 | D:1      | Found Seym's Magic Scroll Emporium.
   710 | D:1      | Learned a level 2 spell: Wereblood
   861 | D:1      | Reached XP level 3. HP: 28/28 MP: 6/6
   918 | D:1      | Learned a level 3 spell: Spider Form
  1319 | D:2      | Found Nunorad's Magic Scroll Shoppe.
  1442 | D:3      | Reached XP level 4. HP: 31/35 MP: 8/8
  2027 | D:3      | Found a runed translucent gate.
  2028 | D:3      | Found a runed translucent gate.
  2031 | D:3      | Found a runed translucent gate.
  2033 | D:3      | Noticed leafyfresh's ghost (amateur DjIE)
  2033 | D:3      | Noticed ShinQuickMan's ghost (amateur DESu)
  2283 | D:4      | Noticed Ijyb
  2298 | D:3      | Killed Ijyb
  2299 | D:3      | Reached skill level 4 in Unarmed Combat
  2444 | D:4      | Reached XP level 5. HP: 40/40 MP: 7/9
  2456 | D:4      | Killed from afar by an orc wizard

Illustrated notes

Levels and vault maps discovered:
D:1:      arrival_aquarium_a, layout_rooms, serial_shops, shop
D:2:      layout_rooms, serial_shops, shop
D:3:      layout_basic, gammafunk_ghost_cemetery
D:4:      cheibrodos_old_hovel, layout_rooms, lemuel_round_altar,
          marbit_many_paths, uniq_sigmund, uniq_ijyb

Skill      XL: |  1  2  3  4 |
---------------+-------------+-----
Transmutations | 3 |  3.7
Unarmed Combat | 4 |  4.3
Spellcasting   | 3 |  3.0
Fighting       | |  1.1
Dodging        | |  1.7

Action                   |  1- 3 |  4- 6 || total
-------------------------+-------+-------++-------
Melee: Unarmed           |   123 |    87 ||   210
       Tailslap          |    16 |     7 ||    23
       Headbutt          |     8 |    14 ||    22
       Kick              |     7 |    16 ||    23
       Punch             |     2 |     1 ||     3
 Cast: Beastly Appendage |    10 |     6 ||    16
       Spider Form       |       |     1 ||     1
  Use: Scroll            |       |     6 ||     6
Armor: Skin              |    29 |    25 ||    54
Dodge: Dodged            |    70 |    53 ||   123
